 Dungeon Crawl Stone Soup version 0.26-a0-812-g31a745ddcd (webtiles) character file.

Game seed: 14838479894387961156

66 Lanoc the Vexing (level 4, -3/33 HPs)
             Began as a Formicid Arcane Marksman on Nov 19, 2020.
             Slain by a kobold
             ... wielding a +0 whip
              (4 damage)
             ... on level 3 of the Dungeon.
             The game lasted 00:02:02 (934 turns).

Lanoc the Vexing (Formicid Arcane Marksman)          Turns: 934, Time: 00:02:03

Health: -3/33      AC:  2    Str: 14    XL:     4   Next: 37%
Magic:  5/5        EV: 12    Int: 13    God:
Gold:   83         SH:  0    Dex: 12    Spells: 4/5 levels left

rFire    . . .     SeeInvis +   (no weapon)
rCold    . . .     Faith    .   (no shield)
rNeg     . . .     Spirit   .   e - +0 robe
rPois    .         Reflect  .   (helmet unavailable)
rElec    .         Harm     .   (no cloak)
rCorr    .         Rampage  .   (no gloves)
MR       .....                  (no boots)
Stlth    +.........             (no amulet)
HPRegen  0.11/turn              f - ring of see invisible
MPRegen  0.09/turn              (no ring)

@: lethally poisoned (-3 -> -8)
A: permanent stasis, dig shafts and tunnels, four strong arms, antennae 3
a: Dig, Shaft Self


You were on level 3 of the Dungeon.
You visited 1 branch of the dungeon, and saw 3 of its levels.

You collected 83 gold pieces.

Inventory:

Hand Weapons
 a - a +0 hand crossbow
Missiles
 c - 17 sling bullets
Armour
 e - a +0 robe (worn)
Jewellery
 f - a ring of see invisible (left hand)
Scrolls
 d - a scroll of teleportation {unknown}
 i - a scroll of identify {unknown}
Potions
 h - a potion of brilliance


   Skills:
 + Level 2.0 Fighting
 * Level 3.1 Crossbows
 + Level 2.3 Dodging
 - Level 1.1 Spellcasting
 + Level 4.1 Hexes


You had 4 spell levels left.
You knew the following spells:

 Your Spells              Type           Power        Failure   Level
a - Corona                Hex            ##.....      4%          1

Your spell library contained the following spells:

 Spells                   Type           Power        Failure   Level
 Slow                     Hex            ##......     8%          2
 Inner Flame              Hex/Fire       #.......     34%         3
 Portal Projectile        Hex/Tloc       #.....       34%         3
 Cause Fear               Hex            ##........   45%         4
 Leda's Liquefaction      Hex/Erth       #.........   75%         4


Dungeon Overview and Level Annotations

Branches:
Dungeon (3/15)

Altars:
Dithmenos


Innate Abilities, Weirdness & Mutations

You cannot be hasted, slowed, berserked, paralysed or teleported.
You can dig through walls and to a lower floor.
Your four strong arms can wield two-handed weapons with a shield.
You have a pair of large antennae on your head. (SInv)


Message History

You closely miss the worker ant. The worker ant closely misses you.
You hit the worker ant but do no damage.
The worker ant bites you but does no damage.
The worker ant bites you.
You are poisoned.
The worker ant poisons you!
You hit the worker ant but do no damage.
You feel sick. The worker ant bites you.
You hit the kobold but do no damage.
You feel sick. The worker ant bites you. The kobold hits you with a +0 whip.
* * * LOW HITPOINT WARNING * * *
You hit the kobold.
The kobold is moderately wounded.
The worker ant barely misses you. The kobold misses you.
You closely miss the kobold.
The kobold is moderately wounded.
The worker ant bites you.
* * * LOW HITPOINT WARNING * * *
The kobold hits you with a +0 whip.
You die...

.........(. ..._
...(....g.#.....
.....(.?.(. .....
......(.(# ....!.
#...##...... #
#.#......... ...
##.#..#......
.....#####..(.##......
#..K@Bg(.......$...
#######....##......
#.....# ..... #..<..#
.... #.....# ...
........# .#
#####....# # #....#
#....#


You could see a worker ant, a hobgoblin and a kobold.

Vanquished Creatures
  An orc wizard (D:2)
  2 adders
  4 orcs (D:2)
  2 goblins (D:2)
  A kobold (D:1)
  2 quokkas (D:2)
  A ball python (D:2)
  3 bats
  A frilled lizard (D:3)
17 creatures vanquished.

Notes
Turn   | Place    | Note
-------+----------+-------------------------------------------
     0 | D:1      | Lanoc the Formicid Arcane Marksman began the quest for the
                  | Orb.
     0 | D:1      | Reached XP level 1. HP: 15/15 MP: 2/2
   353 | D:2      | Noticed an orc wizard
   354 | D:2      | Reached XP level 2. HP: 21/21 MP: 3/3
   359 | D:2      | Reached skill level 4 in Hexes
   359 | D:2      | Reached XP level 3. HP: 17/27 MP: 4/4
   370 | D:2      | Reached XP level 4. HP: 15/33 MP: 5/5
   668 | D:3      | HP: 2/49 [poisoned by an adder]
   921 | D:3      | Found a shadowy altar of Dithmenos.
   934 | D:3      | HP: 1/33 [worker ant (6)]
   934 | D:3      | Slain by a kobold

Illustrated notes

Levels and vault maps discovered:
D:1:      nagdon_arrival_zigzag_paths, layout_basic
D:2:      layout_basic, minmay_pentomino_p4
D:3:      layout_rooms, overflow_temple_1_default, uniq_robin, uniq_ijyb

Skill      XL: |  1  2  3  4 |
---------------+-------------+-----
Dodging        | 2 |  2.3
Hexes          | 4 |  4.1
Crossbows      | 3 |  3.1
Fighting       | 2 |  2.0
Spellcasting   | |  1.1

Action                   |  1- 3 |  4- 6 || total
-------------------------+-------+-------++-------
Melee: Unarmed           |       |     7 ||     7
 Fire: Hand crossbow     |    33 |    21 ||    54
 Cast: Corona            |       |     1 ||     1
  Use: Potion            |       |     2 ||     2
Armor: Robe              |     6 |     3 ||     9
       Skin              |       |    17 ||    17
Dodge: Dodged            |    18 |    22 ||    40

Table legend: (Time is in decaauts)
 A = Elapsed time spent in this place.
 B = Non-inter-level travel time spent in this place.
 C = Inter-level travel time spent in this place.
 D = Time resting spent in this place.
 E = Time spent auto-exploring this place.
 F = Levels seen in this place.
 G = Mean time per level.
                   A        B        C        D        E       F      G
               +--------+--------+--------+--------+--------+-----+--------+
         Total |    952 |    922 |     30 |    202 |    529 |   3 |  317.3 |
       Dungeon |    952 |    922 |     30 |    202 |    529 |   3 |  317.3 |
               +--------+--------+--------+--------+--------+-----+--------+

Top non-repeatable levels by time:
     D:2: 627 daAuts
     D:1: 166 daAuts
     D:3: 158 daAuts
